 Dungeon Crawl Stone Soup version 0.29-a0-367-gc2b5878c41 (webtiles) character file.

Game seed: 18242502532027377113

60937 Ge0ff the Warrior (level 15, 0/114 (120) HPs)
             Began as a Djinni Monk on Apr 30, 2022.
             Was a High Priest of Nemelex Xobeh.
             Engulfed by a cloud of freezing vapour (6 damage)
             ... while paralysed by an orc sorcerer
             ... on level 2 of the Orcish Mines.
             The game lasted 01:29:09 (35204 turns).

Ge0ff the Warrior (Djinni Monk)                    Turns: 35204, Time: 01:29:09

HP:   0/114 (120)   AC: 13    Str: 10    XL:     15   Next: 40%
Gold: 2785          EV:  2    Int: 29    God:    Nemelex Xobeh [*****.] SH:  0 Dex: 21

rFire   + + .      SeeInvis .   a - +2 short sword (venom)
rCold   x . .      Faith    .   Y - +2 buckler
rNeg    . . .      Spirit   .   D - +2 leather armour {Will+}
rPois   ∞          Reflect  .   Q - +2 helmet {Int+3}
rElec   .          Harm     .   t - +2 cloak
rCorr   .          Rampage  .   e - +0 pair of gloves
Will    ++...                   (boots unavailable)
Stlth   ++++......              r - amulet of the acrobat
HPRegen 0.29/turn               x - +6 ring of intelligence {=R}
MPRegen 0.00/turn               S - +6 ring of dexterity

@: paralysed, flying, drained
A: sickness immunity, fire resistance 2, cold vulnerability 1, float, innate
caster, HP casting, extra vitality 1
a: Renounce Religion, Draw Escape, Draw Destruction, Draw Summoning, Triple
Draw, Deal Four, Stack Five


You were on level 2 of the Orcish Mines.
You worshipped Nemelex Xobeh.
Nemelex Xobeh was extremely pleased with you.
You visited 3 branches of the dungeon, and saw 21 of its levels.

You collected 2863 gold pieces.
You spent 78 gold pieces at shops.

Inventory:

Hand Weapons
 a - a +2 short sword of venom (weapon)
 b - a +2 antimagic dagger
 h - a +2 vampiric dagger
 k - a +0 dagger of distortion
 n - a +4 dagger
Missiles
 g - 4 throwing nets {=F}
 v - a curare-tipped dart {=F}
 w - 3 boomerangs (quivered)
 X - 3 silver boomerangs
Armour
 c - the +0 scale mail of the Mind {rF+ Str+4 Dex+4}
   (You found it on level 12 of the Dungeon)

   Str:       It affects your strength (+4).
   Dex:       It affects your dexterity (+4).
   rF:        It protects you from fire.
 e - a +0 pair of gloves (worn)
 s - a +0 troll leather armour
 t - a +2 cloak (worn)
 C - a +2 robe of resistance
 D - a +2 leather armour of willpower (worn)
 G - a scarf of harm
 K - +0 steam dragon scales
 Q - a +2 helmet of intelligence (worn)
 R - +0 storm dragon scales
 Y - a +2 buckler (worn)
Jewellery
 r - an amulet of the acrobat (around neck)
 x - a +6 ring of intelligence (left hand) {=R}
 J - a ring of protection from cold
 S - a +6 ring of dexterity (right hand)
Wands
 d - a wand of digging (16)
 f - a wand of flame (14)
 j - a wand of acid (5)
 P - a wand of polymorph (6)
Scrolls
 i - 2 scrolls of identify
 l - a scroll of enchant armour
 m - 2 scrolls of magic mapping
 p - 3 scrolls of enchant weapon
 u - a scroll of holy word
 y - 4 scrolls of immolation
 B - a scroll of blinking
 E - 2 scrolls of fear
 F - 2 scrolls of fog
 T - 6 scrolls of teleportation
 V - 2 scrolls of vulnerability
Potions
 o - 2 potions of ambrosia
 q - 9 potions of curing
 z - 2 potions of brilliance
 A - a potion of attraction
 H - 3 potions of haste {!q}
 I - 2 potions of invisibility
 L - a potion of lignification
 M - 2 potions of might
 N - a potion of cancellation {!q}
 U - 2 potions of mutation {!q}
 W - 4 potions of heal wounds {!q}
 Z - a potion of berserk rage {!q}
Miscellaneous
 O - a box of beasts


   Skills:
 - Level 15.0 Fighting
 - Level 12.0 Short Blades
 - Level 1.0 Throwing
 + Level 4.7 Armour
 - Level 5.0 Dodging
 - Level 7.0 Stealth
 - Level 4.0 Shields
 + Level 10.5 Spellcasting
 + Level 10.6 Invocations
 - Level 4.0 Evocations


You had 10 spell levels left.
You knew the following spells:

 Your Spells              Type           Power      Damage    Failure   Level
g - Apportation           Tloc           100%       N/A       1%          1
q - Swiftness             Air            66%        N/A       1%          3
s - Starburst             Conj/Fire      33%        6d10      13%         6
w - Passwall              Tmut/Erth      55%        N/A       1%          2
C - Tukima's Dance        Hex            66%        N/A       1%          3
E - Freezing Cloud        Conj/Ice/Air   33%        6-21      2%          5
Z - Blade Hands           Tmut           33%        N/A       2%          5
Your spell library was empty.

Dungeon Overview and Level Annotations

Branches:
Dungeon (13/15)            Temple (0/1) D:5            Lair (6/6) D:8
  Swamp (0/4) Lair:4        Snake (0/4) Lair:2        Slime (0/5) Lair:5
    Orc (2/2) D:9             Elf (0/3) Orc:2        Vaults (0/5) D:13

Altars:
Dithmenos
Elyvilon
Makhleb
Nemelex Xobeh
Okawaru
Trog
Uskayaw
Xom
The Shining One
Jiyva

Shops:
D:8 !   Orc:2 ?

Annotations:
D:13 Nessos, Rupert
Lair:1 1 runed translucent door (41 damage ghost), makewrite's ghost, journeyman MiBe


Innate Abilities, Weirdness & Mutations

You are immune to sickness and miasma.
You are immune to poison.
Your flesh is very heat resistant. (rF++)
You are vulnerable to cold. (rC-)
You float through the air rather than walking.
You learn spells naturally, not from books.
Your magical power is your life essence.
You have superior vitality. (+4 MHP)


Message History

The orc sorcerer is lightly wounded.
The orc sorcerer is engulfed in freezing vapours. x2
You kill the orc sorcerer!
An orc wizard comes into view. It is wielding a +0 dagger.
Casting: Freezing Cloud (dangerous; 2% risk of failure)
Confirm with . or Enter, or press ? or * to list all spells.
Aiming: Freezing Cloud (dangerous; 2% risk of failure)
Press: ? - help, Dir - move target, f - orc wizard, p - orc sorcerer
Aim: an orc wizard, wielding a +0 dagger and wearing a +0 robe The orc sorcerer is engulfed in freezing vapours.
The orc sorcerer casts a spell at you. The bolt of negative energy hits you!!
You feel drained.
The orc wizard is engulfed in freezing vapours.
The orc wizard gestures wildly while chanting.
The orc wizard flickers and vanishes!
Deactivating autopickup; reactivate with Ctrl-A.
The orc wizard is engulfed in freezing vapours.
Throw: 3 boomerangs
Press: ? - help, Q - select action, (/) - cycle Shift-Dir - straight line, f - orc wizard
Aim: an orc wizard, wielding a +0 dagger and wearing a +0 robe (63% to hit)
You throw a boomerang. The boomerang hits the orc wizard.
The orc wizard is moderately wounded.
The orc sorcerer is engulfed in freezing vapours.
The orc sorcerer gestures at you while chanting.
The bolt of negative energy misses you. The orc wizard casts a spell at you.
You hear a sizzling sound! x2
Reactivating autopickup.
You feel a bit more experienced.
Casting: Freezing Cloud (dangerous; 2% risk of failure)
Confirm with . or Enter, or press ? or * to list all spells.
Aiming: Freezing Cloud (dangerous; 2% risk of failure)
Press: ? - help, Dir - move target, f/p - orc wizard
Aim: an orc wizard, wielding a +0 dagger and wearing a +0 robe (moderately wounded) That beam is likely to hit you.
Continue anyway?
You are engulfed in freezing vapours.
* * * LOW HITPOINT WARNING * * *
The orc sorcerer is engulfed in freezing vapours.
The orc sorcerer casts a spell at you.
You suddenly lose the ability to move!
The orc wizard is engulfed in freezing vapours.
You kill the orc wizard!
You are engulfed in freezing vapours.
* * * LOW HITPOINT WARNING * * *
The orc sorcerer is engulfed in freezing vapours.
You kill the orc sorcerer!
You are engulfed in freezing vapours.
You die...
Your body glows with a rainbow of weird colours and disappears.

≈§≈≈≈§§§≈≈≈≈ .§§§§§§☼§§§
§§§§§§§§§. §§§☼8☼○§
#§☼§§§# #§§§§≈# #§§§§§#
# ### ##§○§@§## .###≈#
#≈≈.§.§≈# .§§§§###
###≈§§..≈≈##
.§≈§§§≈###≈≈§§§).≈§≈≈###
..§≈≈≈≈≈≈§≈##≈..§§##≈≈≈≈
##....≈≈≈≈≈##≈...≈##≈≈≈≈
.....######≈≈.....§§####
....## ##.........##
....### ##.##.....##.##


There were no monsters in sight!

Vanquished Creatures
  A storm dragon (Lair:6)
  An orc warlord (Orc:2)
  Snorg (Lair:3)
  A fire dragon (Lair:6)
  7 hydras
  A catoblepas (Lair:6)
  A centaur warrior (D:9)
  2 two-headed ogres
  9 death yaks
  A steelbarb worm (Lair:1)
  An orc knight (Orc:2)
  2 lindwurms (Lair:6)
  9 orc sorcerers (Orc:2)
  A dancing weapon (Orc:2)
  A cyclops (D:12)
  A manticore (D:12)
  Joseph (D:10)
  6 black mambas
  3 molten gargoyles (Lair:6)
  17 cane toads
  A gargoyle (D:12)
  3 rime drakes
  16 komodo dragons
  2 trolls
  16 blink frogs
  11 slime creatures
  A spriggan (Lair:6)
  Sigmund (D:3)
  A shadow (D:10)
  A vampire (D:10)
  7 wyverns
  Eustachio (D:6)
  19 yaks
  A wraith (D:11)
  A golden eye (Lair:6)
  5 basilisks
  Menkaure (D:6)
  8 vampire mosquitoes
  6 steam dragons
  3 wargs
  16 water moccasins
  3 acid dragons
  4 nagas (Lair:2)
  4 hell hounds (Lair:6)
  18 orc warriors
  A sky beast (D:6)
  3 ice beasts
  4 ogres
  A wolf (Lair:4)
  5 centaurs
  A phantom (D:5)
  11 bullfrogs
  A kobold brigand (D:10)
  A gnoll sergeant (D:9)
  3 scorpions
  8 wights
  3 killer bees (D:8)
  3 electric eels (D:4)
  10 howler monkeys
  5 lava snakes (Lair:6)
  2 hounds
  4 jellies
  13 orc priests
  6 hell rats (Lair:6)
  Terence (D:2)
  An iguana (D:5)
  16 orc wizards
  13 gnolls
  17 adders
  A shadow imp (D:7)
  2 white imps
  11 worms
  7 dart slugs
  50 orcs
  12 ball pythons
  7 bats
  8 endoplasms
  A giant cockroach (D:2)
  10 goblins
  6 hobgoblins
  A jackal (D:2)
  10 kobolds
  4 quokkas
  6 frilled lizards
  4 rats
  A butterfly (Lair:4)
491 creatures vanquished.

Vanquished Creatures (collateral kills)
  A two-headed ogre (D:12)
  Amaemon (Lair:3)
  3 slime creatures (D:12)
  An orange demon (Lair:3)
  A troll (D:7)
  2 yaks
  2 vampire mosquitoes (D:7)
  4 orc warriors
  An ogre (D:7)
  Blork the orc (D:6)
  A scorpion (D:4)
  6 wights
  2 orc priests (D:9)
  A gnoll shaman (D:9)
  A hound (D:4)
  3 gnolls (D:9)
  8 orcs
  An endoplasm (D:4)
  A goblin (D:4)
  A hobgoblin (D:4)
42 creatures vanquished.

Vanquished Creatures (others)
  10 dancing weapons
  An orc (D:6)
  27 fungi
  42 plants
80 creatures vanquished.

Grand Total: 613 creatures vanquished

Notes
Turn   | Place    | Note
-------+----------+-------------------------------------------
     0 | D:1      | Ge0ff the Djinni Monk began the quest for the Orb.
     0 | D:1      | Reached XP level 1. HP: 20/20 MP: 0/0
   187 | D:1      | Reached XP level 2. HP: 22/25 MP: 0/0
   775 | D:1      | Reached XP level 3. HP: 30/30 MP: 0/0
   775 | D:1      | Learned a level 1 spell: Apportation
   944 | D:1      | Reached skill level 1 in Spellcasting
  1294 | D:2      | Noticed Terence
  1305 | D:2      | Reached XP level 4. HP: 28/35 MP: 0/0
  2182 | D:2      | Reached XP level 5. HP: 23/40 MP: 0/0
  2182 | D:2      | Learned a level 2 spell: Passwall
  2439 | D:2      | Identified the +4 hand axe "Hell-Harrower" {distort, rF+
                  | rC+ Will+ Int-2}
  2718 | D:3      | Found a bloodstained altar of Trog.
  2720 | D:3      | Found a burning altar of Makhleb.
  2935 | D:3      | Found a white marble altar of Elyvilon.
  3382 | D:3      | Noticed Sigmund
  3561 | D:2      | Killed Terence
  3784 | D:3      | Killed Sigmund
  3785 | D:3      | Reached skill level 5 in Short Blades
  3785 | D:3      | Reached XP level 6. HP: 26/46 MP: 0/0
  3950 | D:3      | Found a faded altar of an unknown god.
  3959 | D:3      | Prayed at the altar of an unknown god.
  3959 | D:3      | Became a worshipper of Nemelex Xobeh the Trickster
  3959 | D:3      | Reached * piety under Nemelex Xobeh
  3959 | D:3      | Received a gift from Nemelex Xobeh
  3959 | D:3      | Reached ** piety under Nemelex Xobeh
  3959 | D:3      | Received a gift from Nemelex Xobeh
  4031 | D:4      | Noticed a chaos spawn
  4080 | D:4      | Reached skill level 1 in Invocations
  4080 | D:4      | Reached XP level 7. HP: 46/50 MP: 0/0
  4080 | D:4      | Learned a level 3 spell: Swiftness
  4080 | D:4      | Received a gift from Nemelex Xobeh
  4212 | D:4      | Found a transporter.
  4218 | D:4      | Identified the -2 hand axe "Esearpho" {drain, Dex+8}
  5185 | D:4      | Found a transporter.
  5331 | D:4      | Reached *** piety under Nemelex Xobeh
  5502 | D:4      | Reached XP level 8. HP: 41/56 MP: 0/0
  5813 | D:4      | You are sucked into a shaft and drop 2 floors!
  5813 | D:6      | Received a gift from Nemelex Xobeh
  5824 | D:6      | Identified the -2 hand axe of Xom's Brutal Revenge {vorpal,
                  | MP+9}
  5833 | D:6      | Reached skill level 1 in Armour
  5906 | D:6      | Noticed Eustachio
  5907 | D:6      | Killed Eustachio
  6192 | D:5      | Entered Level 5 of the Dungeon
  6481 | D:5      | Reached skill level 1 in Evocations
  6518 | D:5      | Reached skill level 5 in Invocations
  6934 | D:4      | Reached XP level 9. HP: 58/60 MP: 0/0
  6934 | D:4      | Learned a level 3 spell: Tukima's Dance
  7252 | D:5      | Found a shimmering altar of Xom.
  7277 | D:5      | Found a staircase to the Ecumenical Temple.
  7354 | D:5      | Received a gift from Nemelex Xobeh
  8319 | D:5      | Found a hide-covered altar of Uskayaw.
  8836 | D:6      | Noticed a hellwing
  8846 | D:6      | Reached skill level 1 in Shields
  8846 | D:6      | Reached skill level 5 in Spellcasting
  9666 | D:6      | Noticed Blork the orc
  9679 | D:6      | Killed Blork the orc
  9836 | D:6      | Noticed Menkaure
  9849 | D:6      | Killed Menkaure
  9918 | D:5      | Reached XP level 10. HP: 19/67 MP: 0/0
 10260 | D:6      | Reached **** piety under Nemelex Xobeh
 10409 | D:6      | Received a gift from Nemelex Xobeh
 11149 | D:7      | Found a sparkling altar of Nemelex Xobeh.
 11426 | D:7      | Found an iron altar of Okawaru.
 12645 | D:8      | Received a gift from Nemelex Xobeh
 12647 | D:8      | Noticed an orange demon
 13109 | D:8      | Reached skill level 4 in Fighting
 13483 | D:8      | Reached XP level 11. HP: 73/73 MP: 0/0
 13483 | D:8      | Learned a level 5 spell: Blade Hands
 13640 | D:8      | Received a gift from Nemelex Xobeh
 13751 | D:8      | Found a staircase to the Lair.
 13810 | D:8      | Found Liphiguf's Distillery.
 13818 | D:8      | Bought a potion of degeneration for 13 gold pieces
 13819 | D:8      | Bought a potion of heal wounds for 65 gold pieces
 14058 | D:8      | Found a glowing golden altar of the Shining One.
 14429 | D:9      | Noticed a centaur warrior
 14494 | D:9      | Reached skill level 5 in Stealth
 14648 | D:9      | Found a staircase to the Orcish Mines.
 14725 | D:9      | Killed a centaur warrior
 15269 | D:9      | Received a gift from Nemelex Xobeh
 15585 | D:9      | Reached ***** piety under Nemelex Xobeh
 16119 | D:10     | Entered Level 10 of the Dungeon
 16528 | D:10     | Identified a scroll of acquirement
 16528 | D:10     | Acquired 959 gold pieces
 16640 | D:10     | Received a gift from Nemelex Xobeh
 16741 | D:10     | Noticed Joseph
 16758 | D:10     | Killed Joseph
 18238 | D:11     | Received a gift from Nemelex Xobeh
 19181 | D:11     | Reached skill level 10 in Short Blades
 19617 | D:12     | Reached skill level 1 in Throwing
 19847 | D:12     | Reached XP level 12. HP: 49/79 MP: 0/0
 20096 | D:12     | Identified the +0 scale mail of the Mind {rF+ Str+4 Dex+4}
 20153 | D:12     | Noticed a two-headed ogre
 20161 | D:12     | Killed a two-headed ogre
 20490 | D:12     | Identified the +1 scale mail of the Protecting Gods {MP+9}
 21330 | D:12     | Reached skill level 5 in Dodging
 21557 | D:12     | Reached skill level 5 in Fighting
 21846 | D:12     | Noticed a two-headed ogre
 21853 | D:12     | Killed a two-headed ogre
 23712 | D:13     | Noticed a boulder beetle
 23712 | D:13     | Noticed Nessos
 23712 | D:13     | Noticed Rupert
 23712 | D:13     | Found a gate to the Vaults.
 23971 | Lair:1   | Entered Level 1 of the Lair of Beasts
 23971 | Lair:1   | Received a gift from Nemelex Xobeh
 24055 | Lair:1   | Noticed Fannar
 24056 | Lair:1   | Noticed Fannar
 24056 | Lair:1   | Fannar changed into Fannar the steelbarb worm
 24060 | Lair:1   | Killed Fannar the steelbarb worm
 24254 | Lair:1   | You are sucked into a shaft and drop 1 floor!
 24292 | Lair:2   | Received a gift from Nemelex Xobeh
 24458 | Lair:1   | Upgraded the game from 0.29-a0-364-g921d912d32 to
                  | 0.29-a0-367-gc2b5878c41
 24460 | Lair:1   | Acquired a manual of Fighting
 24691 | Lair:1   | Found a runed translucent door.
 24933 | Lair:1   | Noticed makewrite's ghost (journeyman MiBe)
 24933 | Lair:1   | Found the +10 dark maul {vorpal}
 25218 | Lair:2   | Reached skill level 6 in Fighting
 25218 | Lair:2   | Reached XP level 13. HP: 69/87 MP: 0/0
 25218 | Lair:2   | Learned a level 5 spell: Freezing Cloud
 25625 | Lair:2   | Found a staircase to the Snake Pit.
 25803 | Lair:2   | Received a gift from Nemelex Xobeh
 26181 | Lair:3   | Reached skill level 7 in Fighting
 26251 | Lair:3   | Received a gift from Nemelex Xobeh
 26309 | Lair:3   | Noticed Amaemon
 26320 | Lair:3   | Killed Amaemon
 26469 | Lair:3   | Noticed a five-headed hydra
 26479 | Lair:3   | Killed a five-headed hydra
 26480 | Lair:3   | Reached skill level 8 in Fighting
 26630 | Lair:3   | Noticed Snorg
 26770 | Lair:3   | Found a shadowy altar of Dithmenos.
 26917 | Lair:4   | Noticed a seven-headed hydra
 26917 | Lair:4   | Reached ****** piety under Nemelex Xobeh
 26917 | Lair:4   | Received a gift from Nemelex Xobeh
 26920 | Lair:4   | Killed a seven-headed hydra
 27262 | Lair:4   | Reached skill level 9 in Fighting
 27334 | Lair:4   | Received a gift from Nemelex Xobeh
 28015 | Lair:4   | Reached skill level 10 in Fighting
 28564 | Lair:4   | Noticed an eight-headed hydra
 28565 | Lair:4   | Noticed an eight-headed hydra
 28572 | Lair:4   | Killed an eight-headed hydra
 28575 | Lair:4   | Killed an eight-headed hydra
 28814 | Lair:4   | Found a staircase to the Swamp.
 29018 | Lair:5   | Reached XP level 14. HP: 103/103 MP: 0/0
 29159 | Lair:5   | Received a gift from Nemelex Xobeh
 29162 | Lair:5   | Reached skill level 11 in Fighting
 29765 | Lair:5   | Received a gift from Nemelex Xobeh
 29818 | Lair:5   | Found a runed translucent door.
 29818 | Lair:5   | Found a viscous altar of Jiyva.
 29818 | Lair:5   | Found a staircase to the Slime Pits.
 30080 | Lair:6   | Entered Level 6 of the Lair of Beasts
 30380 | Lair:6   | Reached skill level 12 in Fighting
 30622 | Lair:6   | Noticed a storm dragon
 30622 | Lair:6   | a death yak changed into a storm dragon
 30626 | Lair:6   | Killed a storm dragon
 30627 | Lair:6   | Reached skill level 10 in Invocations
 30702 | Lair:6   | Reached skill level 13 in Fighting
 30964 | Lair:6   | Received a gift from Nemelex Xobeh
 31423 | Lair:6   | Found a large runed translucent door.
 31423 | Lair:6   | Found a large runed translucent door.
 31509 | Lair:6   | Reached skill level 14 in Fighting
 31509 | Lair:6   | Reached skill level 10 in Spellcasting
 32094 | Lair:6   | Reached XP level 15. HP: 114/118 MP: 0/0
 32094 | Lair:6   | Learned a level 6 spell: Starburst
 32958 | Lair:3   | Killed Snorg
 33301 | Lair:3   | Found a shadowy altar of Dithmenos.
 33740 | Orc:1    | Entered Level 1 of the Orcish Mines
 33762 | Orc:1    | Reached skill level 15 in Fighting
 34052 | Orc:1    | Received a gift from Nemelex Xobeh
 34202 | Orc:2    | Entered Level 2 of the Orcish Mines
 34202 | Orc:2    | Received a gift from Nemelex Xobeh
 34212 | Orc:2    | Noticed an orc warlord
 34213 | Orc:2    | Killed an orc warlord
 34458 | Orc:2    | Found a staircase to the Elven Halls.
 34799 | Orc:2    | Received a gift from Nemelex Xobeh
 34853 | Orc:2    | Found Pov Noj's Magic Scroll Emporium.
 35202 | Orc:2    | Paralysed by an orc sorcerer for 3 turns
 35204 | Orc:2    | Engulfed by a cloud of freezing vapour

Illustrated notes

Levels and vault maps discovered:
D:1:      shiori_shiawase, layout_rooms
D:2:      minmay_wonky_spiral, layout_loops_ring, grunt_ministairs_6,
          chequers_mini_garden, minmay_misc_feat_x, minmay_close_crescents,
          uniq_terence
D:3:      layout_basic, nicolae_overflow_squiral,
          nicolae_overflow_crystal_walls,
          dreamdust_ecumenical_altar_hidden_monk_grotto, uniq_sigmund
D:4:      gammafunk_steamed_eel, layout_basic, minmay_snake_closets
D:5:      layout_basic, marbit_many_paths, nicolae_uskayaw_suspiria,
          minmay_temple_entry_statues, nicolae_wormholes
D:6:      layout_loops_ring, serial_bayou_crossing, uniq_menkaure,
          uniq_eustachio, uniq_blork_the_orc
D:7:      layout_cave_pools, nemelex_diamond_rough_becter,
          okawaru_ov_weapons_minmay
D:8:      layout_gridville, tso_altar, lair_entry_dummy, serial_shops,
          nicolae_diamond_shop
D:9:      layout_long_grid, david_orc_1_choice
D:10:     layout_loops_corners, serial_glass, glass_columns_b, glass_columns_a,
          nzn_life_drinkers, uniq_joseph
D:11:     layout_loops_ring, chequers_serial_rivers_large_b
D:12:     layout_loops_ring, kennysheep_big_empty_room
D:13:     layout_basic, david_vaults_3, grunt_tough_drop
Lair:1:   layout_regular_city, ebering_ghost_reflecting_pool, uniq_fannar
Lair:2:   layout_regular_city, minmay_snake_entry_guardpost_small
Lair:3:   layout_gridlike, basic_altar, uniq_amaemon, uniq_snorg
Lair:4:   layout_cave_pods, palyth_hydra_swamp_entry, beast_lair_carwin_9,
          lemuel_fruit_fields
Lair:5:   layout_roguey, slime_altar_2
Lair:6:   cheibrodos_lair_end_hotspot, layout_regular_city
Orc:1:    layout_caves
Orc:2:    kennysheep_orc_mage_school, layout_caves, serial_shops, shop_fountains

Skill      XL: |  1  2  3  4  5  6  7  8  9 10 11 12 13 14 15 |
---------------+----------------------------------------------+-----
Short Blades   | 3 4 5 6 7 10 12 | 12.0
Stealth        | 2 3 4 5 6 7 |  7.0
Spellcasting   | 1 2 3 4 5 6 7 8 10 | 10.5
Invocations    | 1 3 5 6 7 8 9 10 | 10.6
Armour         | 1 2 3 4 |  4.7
Evocations     | 1 3 4 |  4.0
Shields        | 3 4 |  4.0
Dodging        | 4 5 |  5.0
Fighting       | 4 6 10 14 15 | 15.0
Throwing       | 1 |  1.0

Action                   |  1- 3 |  4- 6 |  7- 9 | 10-12 | 13-15 || total
-------------------------+-------+-------+-------+-------+-------++-------
Melee: Short sword       |    95 |   157 |    46 |   709 |   306 ||  1313
       Punch             |     1 |     1 |     2 |       |       ||     4
       Dagger            |       |     7 |   273 |   145 |       ||   425
Throw: Stone             |    41 |    25 |       |       |       ||    66
       Boomerang         |       |       |    57 |   123 |    36 ||   216
       Throwing net      |       |       |       |     4 |     1 ||     5
       Dart              |       |       |       |     2 |     1 ||     3
       Javelin           |       |       |       |     1 |     7 ||     8
 Cast: Passwall          |       |     5 |    28 |    20 |     2 ||    55
       Swiftness         |       |       |     2 |     1 |       ||     3
       Tukima's Dance    |       |       |     1 |    55 |     2 ||    58
       Freezing Cloud    |       |       |       |       |   100 ||   100
       Starburst         |       |       |       |       |    14 ||    14
Invok: Draw Summoning    |       |     2 |     3 |     5 |     5 ||    15
       Draw Destruction  |       |       |    13 |    21 |    13 ||    47
       Draw Escape       |       |       |     2 |     1 |       ||     3
       Stack Five        |       |       |       |     1 |       ||     1
       Draw Stack        |       |       |       |     3 |     2 ||     5
       Deal Four         |       |       |       |     1 |     7 ||     8
Evoke: Wand              |       |     1 |    28 |     2 |     3 ||    34
       Box of beasts     |       |       |       |     1 |       ||     1
  Use: Potion            |     1 |     2 |     2 |     5 |     1 ||    11
       Scroll            |       |     4 |    12 |    10 |     2 ||    28
 Stab: Sleeping          |     3 |     6 |    23 |    21 |    10 ||    63
       Distracted        |       |       |     3 |     2 |       ||     5
       Paralysed         |       |       |     4 |       |       ||     4
       Petrified         |       |       |       |     3 |       ||     3
       Held in net/web   |       |       |       |     2 |       ||     2
Armor: Robe              |    13 |    15 |     1 |    60 |    40 ||   129
       Leather armour    |       |    20 |    39 |       |     1 ||    60
       Steam dragon scal |       |       |       |    52 |       ||    52
       Skin              |       |       |       |       |     4 ||     4
Dodge: Dodged            |    57 |    78 |   134 |   358 |   124 ||   751
Block: Buckler           |       |       |     7 |   253 |    76 ||   336

Table legend: (Time is in decaauts)
 A = Elapsed time spent in this place.
 B = Non-inter-level travel time spent in this place.
 C = Inter-level travel time spent in this place.
 D = Time resting spent in this place.
 E = Time spent auto-exploring this place.
 F = Levels seen in this place.
 G = Mean time per level.
                   A        B        C        D        E       F      G
               +--------+--------+--------+--------+--------+-----+--------+
         Total |  34815 |  32944 |   1871 |   3278 |  23974 |  21 | 1657.9 |
       Dungeon |  23908 |  22358 |   1550 |   2666 |  15366 |  13 | 1839.1 |
          Lair |   9451 |   9173 |    278 |    612 |   7365 |   6 | 1575.2 |
  Orcish Mines |   1454 |   1412 |     42 |      0 |   1243 |   2 |  727.0 |
               +--------+--------+--------+--------+--------+-----+--------+

Top non-repeatable levels by time:
    D:12: 3600 daAuts
     D:6: 2764 daAuts
  Lair:6: 2634 daAuts
     D:5: 2384 daAuts
    D:11: 2172 daAuts
     D:2: 2041 daAuts
  Lair:4: 2009 daAuts
    D:10: 1890 daAuts
     D:3: 1856 daAuts
     D:9: 1796 daAuts
     D:8: 1788 daAuts
  Lair:3: 1531 daAuts
     D:4: 1446 daAuts
  Lair:5: 1272 daAuts
  Lair:2: 1121 daAuts
